 Dungeon Crawl Stone Soup version 0.30-a0-137-gd8773701ce (webtiles) character file.

Game seed: 14163769913832714827

2505 greasedhog the Covert (level 9, -4/54 HPs)
             Began as a Gargoyle Enchanter on Sept 23, 2022.
             Was a Believer of Dithmenos.
             Slain by a mummy (12 damage)
             ... in an ossuary.
             The game lasted 00:12:45 (8524 turns).

greasedhog the Covert (Gargoyle Enchanter)          Turns: 8524, Time: 00:12:46

Health: -4/54      AC: 13    Str: 12    XL:     9   Next: 53%
Magic:  12/12      EV: 12    Int: 16    God:    Dithmenos [**....]
Gold:   375        SH:  0    Dex: 14    Spells: 4/12 levels left

rFire   + + .      SeeInvis .    a - +1 dagger (venom)
rCold   . . .      Faith    .    (no shield)
rNeg    + + .      Spirit   .    w - +1 robe {rF+}
rPois   ∞          Reflect  .    y - +0 helmet
rElec   +          Harm     .    j - +0 cloak
rCorr   .          Rampage  .    (no gloves)
Will    .....                    t - +0 pair of boots
Stlth   +++++.....               (no amulet)
HPRegen 0.18/turn                h - ring of positive energy
MPRegen 0.13/turn                b - ring of protection from fire

@: mighty, marked, wreathed by umbra
A: sickness immunity, AC +6, negative energy resistance 1, electricity
resistance, torment resistance 1, petrification resistance
a: Renounce Religion, Shadow Step


You were in an ossuary.
You worshipped Dithmenos.
Dithmenos was pleased with you.
You visited 2 branches of the dungeon, and saw 8 of its levels.
You also visited: Sewer and Ossuary.

You collected 375 gold pieces.

Inventory:

Hand Weapons
 a - a +1 dagger of venom (weapon)
Armour
 j - a +0 cloak (worn)
 t - a +0 pair of boots (worn)
 w - a +1 robe of fire resistance (worn)
 y - a +0 helmet (worn)
Jewellery
 b - a ring of protection from fire (right hand)
 h - a ring of positive energy (left hand)
Wands
 A - a wand of paralysis (11)
 I - a wand of flame (29)
Scrolls
 i - a scroll of enchant armour
 k - 3 scrolls of fear
 l - 3 scrolls of blinking
 n - 2 scrolls of summoning
 p - 3 scrolls of vulnerability
 s - 3 scrolls of amnesia
 u - 2 scrolls of teleportation
 x - 3 scrolls of immolation {unknown}
 B - a scroll of magic mapping
 C - 3 scrolls of torment
 E - a scroll of enchant weapon
 F - 3 scrolls of noise {unknown}
Potions
 c - a potion of invisibility
 d - 2 potions of brilliance
 e - 4 potions of magic {unknown}
 f - a potion of mutation {unknown}
 m - a potion of degeneration {unknown}
 o - 2 potions of ambrosia {unknown}
 q - a potion of lignification {unknown}
 r - a potion of haste {unknown}
 v - 2 potions of curing
 z - 3 potions of heal wounds {unknown}
 D - a potion of flight {unknown}
 G - a potion of attraction {unknown}


   Skills:
 - Level 5.0 Fighting
 * Level 7.5 Short Blades
 - Level 5.2 Armour
 - Level 1.5 Dodging
 * Level 8.5 Stealth
 - Level 2.0 Spellcasting
 * Level 2.9 Hexes


You had 4 spell levels left.
You knew the following spells:

 Your Spells              Type           Power      Damage    Failure   Level
a - Ensorcelled Hibernat  Hex/Ice        12%        N/A       17%         2
b - Confusing Touch       Hex            10%        N/A       19%         3
c - Tukima's Dance        Hex            10%        N/A       19%         3

Your spell library contained the following spells:

 Spells                   Type           Power      Damage    Failure   Level
 Passwall                 Tmut/Erth      0%         N/A       30%         2
 Dazzling Flash           Conj/Hex       12%        N/A       34%         3
 Swiftness                Air            1%         N/A       52%         3
 Malign Gateway           Summ/Tloc      0%         N/A       100%        7
 Summon Horrible Things   Summ           0%         N/A       100%        8


Dungeon Overview and Level Annotations

Branches:
Dungeon (7/15)             Temple (1/1) D:4           Sewer (visited)
Ossuary (1/1)

Altars:
Ashenzari
Cheibriados
Dithmenos
Elyvilon
Gozag
Hepliaklqana
Kikubaaqudgha
Makhleb
Okawaru
Qazlal
Ru
Sif Muna
Trog
Uskayaw
Vehumet
Wu Jian
Xom
Yredelemnul
Zin

Shops:
D:1 ((:[


Innate Abilities, Weirdness & Mutations

You are immune to sickness and miasma.
Your stone body is resilient. (AC +6)
You are immune to poison.
You resist negative energy. (rN+)
You are resistant to electric shocks. (rElec)
You are resistant to unholy torment.
You are immune to petrification.


Message History

The mummy hits you! The hobgoblin zombie barely misses you.
You are too injured to fight recklessly!
You are too injured to fight recklessly!
You are too injured to fight recklessly!
You hit the mummy but do no damage. You hit the mummy.
The mummy is lightly damaged.
The hobgoblin zombie closely misses you.
The hobgoblin zombie hits you but does no damage.
The mummy hits you!
You hit the mummy but do no damage.
The mummy is lightly damaged.
You hit the hobgoblin zombie.
The hobgoblin zombie is lightly damaged.
The hobgoblin zombie hits you but does no damage.
You feel very mighty all of a sudden.
You puncture the hobgoblin zombie!
You destroy the hobgoblin zombie!
Dithmenos accepts your kill.
You barely miss the mummy.
The mummy is lightly damaged.
You hit the mummy.
The mummy is moderately damaged.
You puncture the mummy!
You destroy the mummy!
Dithmenos accepts your kill.
An orc zombie comes into view.
The hobgoblin zombie hits you but does no damage. x2
The mummy hits you!
* * * LOW HITPOINT WARNING * * *
You puncture the mummy!
The mummy is moderately damaged.
The hobgoblin zombie hits you.
* * * LOW HITPOINT WARNING * * *
The hobgoblin zombie hits you but does no damage.
You hit the mummy.
The mummy is severely damaged.
A kobold zombie comes into view.
The mummy hits you!
You die... #...#.......# #...# #...#.......# #...# #...# ......## #...# #...# ..ZZZ

#...# #...# #ZZ# #...#
#...# #ZZ# #...# #...#
#ZZ# #...#
#...######ZZ######...#
#........@ZZ.........#
#........8M.8........#
#....................#
#....................#
######################


You could see a mummy, an adder zombie, a rat zombie, a jackal zombie, 4
hobgoblin zombies, 2 kobold zombies, an orc zombie, 2 centaur zombies and a
human zombie.

Vanquished Creatures
  Eustachio (D:5)
  A water moccasin (D:6)
  A black bear (D:4)
  A sky beast (D:6)
  5 ice beasts
  An ogre (D:3)
  A centaur (D:6)
  3 kobold brigands (Sewer)
  A necrophage (D:5)
  A bullfrog (D:6)
  2 scorpions
  2 howler monkeys
  A human zombie (Ossuary)
  A jelly (D:4)
  An orc priest (D:3)
  10 hounds
  Natasha (thrice) (D:3)
  6 iguanas
  An orc wizard (D:3)
  A mummy (Ossuary)
  9 adders
  6 river rats
  An ufetubus (D:6)
  An adder zombie (Ossuary)
  A worm zombie (D:7)
  A worm (D:2)
  6 dart slugs
  8 orcs
  5 bats
  7 endoplasms
  4 giant cockroaches
  4 goblins
  6 hobgoblins
  12 jackals
  4 quokkas
  13 ball pythons
  4 frilled lizards
  14 hobgoblin zombies (Ossuary)
  8 kobolds
  4 kobold zombies
  4 orc zombies (Ossuary)
  12 rats
  A spectral kobold (D:2)
  A bush (D:1)
180 creatures vanquished.

Vanquished Creatures (others)
  5 plants
5 creatures vanquished.

Grand Total: 185 creatures vanquished

Notes
Turn   | Place    | Note
-------+----------+-------------------------------------------
     0 | D:1      | greasedhog the Gargoyle Enchanter began the quest for the
                  | Orb.
     0 | D:1      | Reached XP level 1. HP: 10/10 MP: 3/3
    18 | D:1      | Found Yjolyala's Antique Weapon Shop.
    63 | D:1      | Reached skill level 1 in Short Blades
   188 | D:1      | Reached XP level 2. HP: 12/15 MP: 5/5
   191 | D:1      | Learned a level 2 spell: Ensorcelled Hibernation
   261 | D:1      | Found Raepsir's Armour Shoppe.
   348 | D:1      | Found Plog's Book Boutique.
   364 | D:1      | Found Nomno's Weapon Shoppe.
   683 | D:1      | Reached skill level 4 in Stealth
   807 | D:1      | Reached XP level 3. HP: 12/19 MP: 6/6
  1288 | D:2      | Found a faded altar of an unknown god.
  1383 | D:2      | Found a basalt altar of Yredelemnul.
  1496 | D:2      | Reached XP level 4. HP: 23/24 MP: 7/7
  2067 | D:3      | Reached skill level 5 in Stealth
  2249 | D:3      | Noticed an ogre
  2271 | D:3      | Reached XP level 5. HP: 27/28 MP: 8/8
  2349 | D:3      | Found a white marble altar of Elyvilon.
  2369 | D:3      | Reached skill level 1 in Fighting
  2596 | D:3      | Noticed Natasha
  2606 | D:3      | Killed Natasha
  2913 | D:3      | Noticed Natasha
  2924 | D:3      | Killed Natasha
  2925 | D:3      | Reached XP level 6. HP: 28/36 MP: 9/9
  3335 | D:3      | Noticed Natasha
  3343 | D:3      | Killed Natasha
  3890 | D:4      | Reached XP level 7. HP: 14/42 MP: 10/10
  4241 | D:4      | Found a staircase to the Ecumenical Temple.
  4247 | D:4      | Found a hazy altar of Hepliaklqana.
  4248 | D:4      | Found a broken altar of Ashenzari.
  4248 | D:4      | Found a burning altar of Makhleb.
  4253 | Temple   | Entered the Ecumenical Temple
  4405 | Temple   | Became a worshipper of Dithmenos the Shadowed
  4420 | D:4      | Found a snail-covered altar of Cheibriados.
  4514 | D:4      | Found a sacrificial altar of Ru.
  4527 | D:4      | Found a glowing silver altar of Zin.
  4681 | D:4      | Reached skill level 5 in Short Blades
  5005 | D:5      | Entered Level 5 of the Dungeon
  5022 | D:5      | Reached skill level 5 in Fighting
  5213 | D:5      | Noticed Eustachio
  5227 | D:5      | Killed Eustachio
  5345 | D:5      | Found a glowing drain.
  5365 | D:5      | Reached XP level 8. HP: 24/49 MP: 11/11
  5390 | Sewer    | Entered a sewer
  5651 | Sewer    | Reached skill level 6 in Stealth
  5700 | Sewer    | Reached * piety under Dithmenos
  6013 | Sewer    | Reached skill level 1 in Armour
  6853 | D:5      | Reached skill level 7 in Stealth
  7209 | D:5      | Reached XP level 9. HP: 39/54 MP: 12/12
  7499 | D:6      | Reached skill level 8 in Stealth
  7886 | D:6      | Reached skill level 5 in Armour
  8189 | D:6      | Learned a level 3 spell: Confusing Touch
  8193 | D:6      | Learned a level 3 spell: Tukima's Dance
  8300 | D:7      | Found a sand-covered staircase.
  8327 | Ossuary  | Entered an ossuary
  8337 | Ossuary  | Reached ** piety under Dithmenos
  8524 | Ossuary  | Slain by a mummy

Illustrated notes

Levels and vault maps discovered:
D:1:      lemuel_arrival_hallway, layout_rooms, serial_shops, shop, shop, shop,
          shop, serial_forest, infiniplex_forest_end_3,
          infiniplex_forest_clump_double, infiniplex_forest_corner_1,
          infiniplex_forest_clump_small, infiniplex_forest_end_2,
          infiniplex_forest_split, minmay_split_cup_large
D:2:      layout_loops_ring, basic_altar,
          dreamdust_ecumenical_altar_drowned_temple, st_stairs_6
D:3:      layout_rooms, elyvilon_altar_5, roderic_serpentine_path,
          dreamdust_princess_bridge, minmay_cupped, uniq_natasha
D:4:      layout_basic, lemuel_tele_altar, nicolae_ru_path_of_blood,
          chequers_temple_overflow_statue_of_worship, temple_doors_e
D:5:      layout_gridville, portal_sewer_entry_c,
          chequers_serial_rivers_micro_b, uniq_eustachio
D:6:      layout_gridville
D:7:      layout_rooms, enter_ossuary_3
Temple:   chequers_temple_sunken
Ossuary:  ossuary_tomb_1

Skill      XL: |  1  2  3  4  5  6  7  8  9 |
---------------+----------------------------+-----
Short Blades   | 1 2 3 4 5 6 7 |  7.5
Stealth        | 4 5 7 8 |  8.5
Fighting       | 2 3 5 |  5.0
Armour         | 3 5 |  5.2
Dodging        | |  1.5
Spellcasting   | |  2.0
Hexes          | |  2.9

Action                   |  1- 3 |  4- 6 |  7- 9 || total
-------------------------+-------+-------+-------++-------
Melee: Dagger            |   166 |   168 |   618 ||   952
       Punch             |     3 |     3 |     5 ||    11
 Cast: Ensorcelled Hiber |       |     6 |     7 ||    13
  Use: Scroll            |     4 |     3 |     5 ||    12
       Potion            |       |     1 |     1 ||     2
 Stab: Sleeping          |     5 |     7 |    17 ||    29
       Distracted        |       |       |     1 ||     1
Armor: Robe              |    32 |    46 |   208 ||   286
Dodge: Dodged            |    64 |    67 |   290 ||   421

Table legend: (Time is in decaauts)
 A = Elapsed time spent in this place.
 B = Non-inter-level travel time spent in this place.
 C = Inter-level travel time spent in this place.
 D = Time resting spent in this place.
 E = Time spent auto-exploring this place.
 F = Levels seen in this place.
 G = Mean time per level.
                   A        B        C        D        E       F      G
               +--------+--------+--------+--------+--------+-----+--------+
         Total |   8483 |   8303 |    180 |   1593 |   4957 |  10 |  848.3 |
       Dungeon |   6818 |   6638 |    180 |   1279 |   3977 |   7 |  974.0 |
        Temple |    210 |    210 |      0 |      0 |    185 |   1 |  210.0 |
         Sewer |   1306 |   1306 |      0 |    310 |    781 |   1 | 1306.0 |
       Ossuary |    148 |    148 |      0 |      4 |     13 |   1 |  148.0 |
               +--------+--------+--------+--------+--------+-----+--------+

Top non-repeatable levels by time:
     D:2: 1461 daAuts
   Sewer: 1306 daAuts
     D:3: 1161 daAuts
     D:1: 1152 daAuts
     D:5: 1103 daAuts
     D:4: 1015 daAuts
     D:6: 901 daAuts
  Temple: 210 daAuts
 Ossuary: 148 daAuts
     D:7: 23 daAuts
